 Dungeon Crawl Stone Soup version 0.30.0-17-ge0270778cf (webtiles) character file.

Game seed: 7407812216822462514

92 GloriousHammer the Trooper (level 4, -5/48 HPs)
             Began as an Ogre Warper on May 22, 2023.
             Slain by Grinder (6 damage)
             ... on level 3 of the Dungeon.
             The game lasted 00:07:51 (2601 turns).

GloriousHammer the Trooper (Ogre Warper)            Turns: 2601, Time: 00:07:52

Health: -5/48      AC:  4    Str: 15    XL:     4   Next: 60%
Magic:  2/9        EV:  9    Int: 16    God:
Gold:   136        SH:  0    Dex:  8    Spells: 2/9 levels left

rFire   . . .        a - +0 mace
rCold   . . .        (no shield)
rNeg    . . .        b - +0 robe
rPois   .            (helmet restricted)
rElec   .            v - +0 cloak
rCorr   .            (gloves unavailable)
SInv    .            (boots unavailable)
Will    .....        (no amulet)
Stlth   +            (no ring)
HPRegen 0.28/turn    (no ring)
MPRegen 0.11/turn

%: no passive effects
@: no status effects
A: large, unfitting armour, tough skin 1
a: no special abilities


You were on level 3 of the Dungeon.
You visited 1 branch of the dungeon, and saw 3 of its levels.

You collected 136 gold pieces.

Inventory:

Hand Weapons
 a - a +0 mace (weapon)
 j - a +0 sling
Missiles
 d - 3 boomerangs of dispersal
 f - 2 poisoned darts (quivered)
 m - 4 datura-tipped darts
Armour
 b - a +0 robe (worn)
 v - a +0 cloak (worn)
Scrolls
 c - a scroll of blinking
 e - a scroll of brand weapon {unknown}
 i - 2 scrolls of fear {unknown}
 l - a scroll of poison {unknown}
 n - a scroll of torment {unknown}
 r - 3 scrolls of identify {unknown}
 s - a scroll of noise {unknown}
Potions
 g - a potion of curing
 h - a potion of heal wounds {unknown}
 k - a potion of lignification {unknown}
 o - a potion of invisibility {unknown}
 p - a potion of ambrosia {unknown}
 q - a potion of mutation {unknown}
 u - a potion of cancellation {unknown}


   Skills:
 + Level 3.8 Fighting
 + Level 2.6 Maces & Flails
 - Level 1.0 Throwing
 - Level 2.1 Dodging
 + Level 3.3 Spellcasting
 + Level 3.2 Translocations


You had 2 spell levels left.
You knew the following spells:

 Your Spells              Type           Power      Damage    Failure   Level
a - Blink                 Tloc           26%        N/A       7%          2
b - Lesser Beckoning      Tloc           26%        N/A       7%          2
c - Teleport Other        Tloc           13%        N/A       14%         3

Your spell library contained the following spells:

 Spells                   Type           Power      Damage    Failure   Level
 Vhi's Electric Charge    Tloc/Air       14%        N/A       28%         3
 Manifold Assault         Tloc           13%        N/A       43%         4


Dungeon Overview and Level Annotations

Branches:
Dungeon (3/15)

Altars:

Annotations:
D:3 3 runed translucent doors, Grinder; RascalDebosk's ghost, amateur DjWr


Innate Abilities, Weirdness & Mutations

You are too large for most types of armour.
You have tough skin. (AC +1)


Message History

The adder bites you.
You hit the adder.
The adder is heavily wounded.
The adder bites you.
You are poisoned.
The adder poisons you!
You barely miss the adder.
The adder is heavily wounded.
You feel sick. The adder closely misses you.
The adder bites you but does no damage.
You closely miss the adder.
The adder is heavily wounded.
You feel sick. The adder misses you. The adder bites you.
You closely miss the adder.
The adder is heavily wounded.
You feel sick.
You are no longer poisoned.
The adder barely misses you.
You closely miss the adder.
The adder is heavily wounded.
The adder closely misses you. The adder barely misses you.
You barely miss the adder.
The adder is heavily wounded.
The adder closely misses you. x2
You barely miss the adder.
The adder is heavily wounded.
The adder barely misses you.
You hit the adder.
The adder is severely wounded.
The adder bites you.
You are poisoned.
The adder poisons you! The adder bites you.
You closely miss the adder.
The adder is severely wounded.
You feel sick. The adder barely misses you.
You thump the adder!
You kill the adder!
You feel sick.
Found an escape hatch in the floor.
You feel sick.
You are no longer poisoned.
You see here an adder corpse.
A kobold comes into view. It is wielding a +0 club.
A kobold is nearby!
You closely miss the kobold. The kobold hits you but does no damage.
You barely miss the kobold. The kobold closely misses you.
You hit the kobold but do no damage. The kobold misses you.
You thump the kobold!
You kill the kobold!
Things that are here:
a +0 club; a kobold corpse
r - 3 scrolls labelled MEIZUOS ZYFF (gained 1) Grinder comes into view.
Grinder gestures at you. You resist with significant effort.
Grinder is nearby!
Press: ? - help, v - describe, . - travel The floor.
Press: ? - help, v - describe, . - travel The floor.
Press: ? - help, v - describe, . - travel
Here: Grinder The floor.
Throw: 7 darts (poison)
Press: ? - help, Q - select action, (/) - cycle Shift-Dir - straight line, f - Grinder
Aim: Grinder (50% to hit)
You throw a poisoned dart.
The poisoned dart closely misses Grinder.
Throw: 6 darts (poison)
Press: ? - help, Q - select action, (/) - cycle Shift-Dir - straight line, f/p - Grinder
Aim: Grinder (50% to hit)
You throw a poisoned dart. The poisoned dart hits Grinder.
Throw: 5 darts (poison)
Press: ? - help, Q - select action, (/) - cycle Shift-Dir - straight line, f/p - Grinder
Aim: Grinder (50% to hit)
You throw a poisoned dart.
The poisoned dart closely misses Grinder.
Grinder blinks!
Throw: 5 darts (atropa)
Press: ? - help, Q - select action, (/) - cycle Shift-Dir - straight line, f/p - Grinder
Aim: Grinder (50% to hit, chance to blind on hit: 3%)
You throw an atropa-tipped dart.
The atropa-tipped dart completely misses Grinder.
Grinder barely misses you.
Throw: 4 darts (atropa)
Press: ? - help, Q - select action, (/) - cycle Shift-Dir - straight line, f/p - Grinder
Aim: Grinder (50% to hit, chance to blind on hit: 22%)
You throw an atropa-tipped dart. The atropa-tipped dart hits Grinder.
Grinder resists.
Grinder gestures at you.
You barely resist.
Throw: 3 darts (atropa)
Press: ? - help, Q - select action, (/) - cycle Shift-Dir - straight line, f/p - Grinder
Aim: Grinder (50% to hit, chance to blind on hit: 3%)
You throw an atropa-tipped dart.
The atropa-tipped dart closely misses Grinder.
Grinder gestures at you.
You suddenly lose the ability to move!
Grinder hits you.
You writhe in agony.
Grinder gestures at you. You resist with significant effort.
You can move again.
Unknown command.
Throw: 2 darts (atropa)
Press: ? - help, Q - select action, (/) - cycle Shift-Dir - straight line, f/p - Grinder
Aim: Grinder (50% to hit, chance to blind on hit: 3%)
You throw an atropa-tipped dart.
The atropa-tipped dart barely misses Grinder.
Grinder hits you.
Throw: dart (atropa)
Press: ? - help, Q - select action, (/) - cycle Shift-Dir - straight line, f/p - Grinder
Aim: Grinder (50% to hit, chance to blind on hit: 3%)
You throw an atropa-tipped dart. The atropa-tipped dart hits Grinder.
Grinder resists.
Grinder closely misses you.
Casting: Lesser Beckoning (safe; 7% risk of failure)
Confirm with . or Enter, or press ? or * to list all spells.
Aiming: Teleport Other (dangerous; 14% risk of failure)
Press: ? - help, Shift-Dir - straight line, f/p - Grinder
Aim: Grinder (chance to affect: 51%) Grinder resists with significant effort.
Grinder barely misses you.
Casting: Teleport Other (dangerous; 14% risk of failure)
Confirm with . or Enter, or press ? or * to list all spells.
Aiming: Teleport Other (dangerous; 14% risk of failure)
Press: ? - help, Shift-Dir - straight line, f/p - Grinder
Aim: Grinder (chance to affect: 51%) Grinder resists with significant effort.
Grinder closely misses you.
Casting: Teleport Other (dangerous; 14% risk of failure)
Confirm with . or Enter, or press ? or * to list all spells.
Aiming: Teleport Other (dangerous; 14% risk of failure)
Press: ? - help, Shift-Dir - straight line, f/p - Grinder
Aim: Grinder (chance to affect: 51%)
You miscast Teleport Other.
You are very lightly contaminated with residual magic.
Space bends around you.
You are magically locked in place.
Grinder barely misses you.
You hit Grinder.
Grinder is lightly wounded.
You are no longer locked in place.
Grinder closely misses you. Grinder hits you but does no damage.
You hit Grinder.
Grinder is lightly wounded.
Grinder gestures at you. You resist with significant effort.
You barely miss Grinder.
Grinder is lightly wounded.
Grinder barely misses you.
You hit Grinder but do no damage.
Grinder is lightly wounded.
Grinder barely misses you.
You hit Grinder.
Grinder is lightly wounded.
Grinder hits you! Grinder hits you.
You writhe in agony.
You hit Grinder.
Grinder is moderately wounded.
Grinder blinks!
Throw: 4 darts (poison)
Press: ? - help, Q - select action, (/) - cycle Shift-Dir - straight line, f/p - Grinder
Aim: Grinder (moderately wounded, 50% to hit)
You throw a poisoned dart. The poisoned dart hits Grinder.
Grinder is moderately wounded.
Throw: 3 darts (poison)
Press: ? - help, Q - select action, (/) - cycle Shift-Dir - straight line, f/p - Grinder
Aim: Grinder (lightly wounded, 50% to hit)
You throw a poisoned dart.
The poisoned dart closely misses Grinder.
Grinder blinks!
You barely miss Grinder.
Grinder is lightly wounded.
Grinder hits you.
You writhe in agony.
Your magical contamination has completely faded away.
You hit Grinder but do no damage.
Grinder is lightly wounded.
Grinder gestures at you. Pain shoots through your body!
You thump Grinder!
Grinder is moderately wounded.
Grinder hits you.
You writhe in agony.
* * * LOW HITPOINT WARNING * * *
Grinder hits you.
* * * LOW HITPOINT WARNING * * *
You writhe in agony.
* * * LOW HITPOINT WARNING * * *
It was a potion of curing.
You feel better. Grinder closely misses you.
You hit Grinder but do no damage.
Grinder is moderately wounded.
Grinder barely misses you.
You closely miss Grinder.
Grinder is moderately wounded.
Grinder hits you.
* * * LOW HITPOINT WARNING * * *
You writhe in agony.
* * * LOW HITPOINT WARNING * * *
You barely miss Grinder.
Grinder is moderately wounded.
Grinder hits you!
* * * LOW HITPOINT WARNING * * *
You writhe in agony.
You die...

##.####...# #..#
†..####...#
#.#..#
..........#
#.#..#
.######...#
#.#..# ...#
#...# #.#.##
...# #...# #.#.#
...# #...# #.#.#
####
###.########.#.#
(((...(@5...#
#############


You could see Grinder.

Vanquished Creatures
  4 adders
  A worm (D:2)
  2 dart slugs (D:1)
  8 ball pythons
  4 endoplasms (D:1)
  A giant cockroach (D:2)
  8 goblins
  2 hobgoblins
  2 jackals (D:2)
  A quokka (D:1)
  2 bats
  A frilled lizard (D:2)
  7 kobolds
  6 rats
49 creatures vanquished.

Notes
Turn   | Place    | Note
-------+----------+-------------------------------------------
     0 | D:1      | GloriousHammer the Ogre Warper began the quest for the Orb.
     0 | D:1      | Reached XP level 1. HP: 22/22 MP: 3/3
   124 | D:1      | Reached XP level 2. HP: 29/29 MP: 5/5
   239 | D:1      | Learned a level 2 spell: Blink
   242 | D:1      | Learned a level 2 spell: Lesser Beckoning
   492 | D:1      | Reached XP level 3. HP: 32/37 MP: 7/7
   538 | D:1      | Found a faded altar of an unknown god.
   810 | D:2      | Learned a level 3 spell: Teleport Other
  1297 | D:2      | Reached XP level 4. HP: 17/48 MP: 8/8
  2397 | D:3      | Found a runed translucent gate.
  2397 | D:3      | Found a runed translucent gate.
  2397 | D:3      | Found a runed translucent gate.
  2397 | D:3      | Identified the orb of Koiqupp {*Rage, Int+3}
  2409 | D:3      | Identified the +3 short sword "Humeixad" {venom, Str+2
                  | Dex+2}
  2410 | D:3      | Noticed RascalDebosk's ghost (amateur DjWr)
  2573 | D:3      | Noticed Grinder
  2579 | D:3      | Paralysed by Grinder for 2 turns
  2601 | D:3      | HP: 1/48 [Grinder (8)]
  2601 | D:3      | Slain by Grinder

Illustrated notes

Levels and vault maps discovered:
D:1:      wander_arrival_peaceful_grave, layout_loops_ring,
          dilly_ecumenical_altar_fadedgnrine
D:2:      layout_basic
D:3:      layout_rooms, biasface_ghost_orc_armoury, minivault_5,
          dreamdust_princess_corridor, hangedman_abyss_or_decor_stabs,
          uniq_grinder

Skill      XL: |  1  2  3 |
---------------+----------+-----
Fighting       | 3 |  3.8
Maces & Flails | 2 |  2.6
Translocations | 3 |  3.2
Spellcasting   | 3 |  3.3
Throwing       | |  1.0
Dodging        | |  2.1

Action                     |  1- 3 |  4- 6 || total
---------------------------+-------+-------++-------
  Melee: Mace              |   131 |    74 ||   205
         Punch             |     1 |       ||     1
  Throw: Dart              |     3 |    10 ||    13
         Boomerang         |     1 |     3 ||     4
   Cast: Teleport Other    |       |     4 ||     4
         Lesser Beckoning  |       |     2 ||     2
    Use: Potion            |       |     1 ||     1
 Armour: Robe              |    44 |    24 ||    68
  Dodge: Dodged            |    64 |    45 ||   109
